 Dungeon Crawl Stone Soup version 0.27-a0-1442-g87b6fcb595 (webtiles) character file.

Game seed: 5138970322841655576

140 blackman the Digger (level 5, -2/29 HPs)
             Began as a Gargoyle Earth Elementalist on July 4, 2021.
             Slain by ColdPorridge's ghost (7 damage)
             ... on level 2 of the Dungeon.
             The game lasted 00:21:16 (4149 turns).

blackman the Digger (Gargoyle Earth Elementalist)   Turns: 4149, Time: 00:21:17

Health: -2/29      AC: 13    Str: 12    XL:     5   Next: 23%
Magic:  18/18      EV:  5    Int: 16    God:
Gold:   82         SH:  0    Dex: 10    Spells: 6/9 levels left

rFire    + . .     SeeInvis .   l - +1 dagger (speed)
rCold    x . .     Faith    .   (no shield)
rNeg     + . .     Spirit   .   n - +1 chain mail
rPois    ∞         Reflect  .   (no helmet)
rElec    +         Harm     .   (no cloak)
rCorr    .         Rampage  .   (no gloves)
Will     .....                  (no boots)
Stlth    ..........             (no amulet)
HPRegen  0.09/turn              f - ring of magical power
MPRegen  0.16/turn              i - ring of fire

@: about to teleport
A: sickness immunity, AC +4, negative energy resistance 1, electricity
resistance, torment resistance 1, petrification resistance
a: no special abilities


You were on level 2 of the Dungeon.
You visited 1 branch of the dungeon, and saw 3 of its levels.

You collected 82 gold pieces.

Inventory:

Hand Weapons
 h - a +0 dagger
 l - a +1 dagger of speed (weapon)
Missiles
 o - 13 sling bullets
 p - 43 stones
Armour
 b - a +0 robe
 g - a +0 ring mail
 n - a +1 chain mail (worn)
Jewellery
 f - a ring of magical power (left hand)
 i - a ring of fire (right hand)
Potions
 a - a potion of haste {unknown}
 c - a potion of curing {unknown}
 e - 2 potions of attraction {unknown}
 j - a potion of lignification {unknown}
 k - 2 potions of degeneration {unknown}
 m - a potion of invisibility {unknown}


   Skills:
 + Level 1.4 Fighting
 - Level 1.5 Dodging
 + Level 3.8 Stealth
 - Level 2.8 Spellcasting
 - Level 0.7 Transmutations
 * Level 5.1 Earth Magic


You had 6 spell levels left.
You knew the following spells:

 Your Spells              Type           Power      Damage    Failure   Level
a - Sandblast             Erth           36%        2d10      75%         1
b - Passwall              Tmut/Erth      9%         N/A       99%         2

Your spell library contained the following spells:

 Spells                   Type           Power      Damage    Failure   Level
 Stone Arrow              Conj/Erth      20%        3d8       100%        3
 Petrify                  Tmut/Erth      11%        N/A       100%        4


Dungeon Overview and Level Annotations

Branches:
Dungeon (3/15)

Altars:

Annotations:
D:2 ColdPorridge's ghost, amateur GrCK


Innate Abilities, Weirdness & Mutations

You are immune to sickness and miasma.
Your stone body is resilient. (AC +4)
You are immune to poison.
You resist negative energy. (rN+)
You are resistant to electric shocks. (rElec)
You are resistant to unholy torment.
You are immune to petrification.


Message History

The spell is potentially lethal to cast (99% risk of failure)!
Continue anyway?
Okay, then.
Your magical contamination has completely faded away.
ColdPorridge's ghost keens inconsolably.
You see here a +0 club.
ColdPorridge's ghost twaddles, "I had a jolly good time in life, and I have a jolly good time now!"
ColdPorridge's ghost whispers, "Soon you will have time, lots of time..."
There is a stone staircase leading up here.
ColdPorridge's ghost hits you.
You climb upwards.
There is a stone staircase leading down here.
You hit ColdPorridge's ghost but do no damage.
ColdPorridge's ghost is moderately damaged.
ColdPorridge's ghost hits you but does no damage.
You hit ColdPorridge's ghost but do no damage.
ColdPorridge's ghost is moderately damaged.
ColdPorridge's ghost hits you!
* * * LOW HITPOINT WARNING * * *
ColdPorridge's ghost hits you but does no damage.
ColdPorridge's ghost says, "Are you willing to die fighting?
I was!"
ColdPorridge's ghost wails, "You will join me soon!"
Press: ? - help, v - describe, . - travel
Here: ColdPorridge's ghost The floor.
As you read the scroll labelled GUFAFITHING, it crumbles to dust.
It is a scroll of enchant armour.
Your +0 chain mail glows green for a moment.
ColdPorridge's ghost hits you but does no damage.
As you read the scroll labelled QURAOT HIETUVEOBU, it crumbles to dust.
Your body is wracked with pain!
It was a scroll of torment.
ColdPorridge's ghost hits you.
ColdPorridge's ghost whispers, "There is no future for you."
ColdPorridge's ghost hits you but does no damage.
ColdPorridge's ghost hits you. ColdPorridge's ghost hits you!
* * * LOW HITPOINT WARNING * * *
As you read the scroll labelled AFRUSHREACYBB, it crumbles to dust.
You feel strangely unstable.
It was a scroll of teleportation.
ColdPorridge's ghost hits you!
You die...

#.#.###..............#.#
#....##.############...#
###..##.## #.###
#..#>#.###########.####
#...###...............# #
#....#.#######.###.##.# #
#...#.##### #.###.##.# #
#.........# #.....##.####
##.......@####.######.....
#.#####..W...............
#.# #<#####.##.########
#.# #.....#.##.# # #.#
#.##.#..##.# #
#.#####...###.##.# #
#.......##.#..##.# #
##.########.#.##.# #
#......###.#.##.# #


You could see ColdPorridge's ghost.

Vanquished Creatures
  A gnoll (D:1)
  6 adders
  2 worms
  A dart slug (D:3)
  7 orcs (D:3)
  2 ball pythons
  4 endoplasms
  2 giant cockroaches
  3 goblins
  8 hobgoblins
  9 jackals
  4 kobolds
  2 quokkas
  2 bats (D:1)
  3 frilled lizards
  5 rats
61 creatures vanquished.

Notes
Turn   | Place    | Note
-------+----------+-------------------------------------------
     0 | D:1      | blackman the Gargoyle Earth Elementalist began the quest
                  | for the Orb.
     0 | D:1      | Reached XP level 1. HP: 10/10 MP: 3/3
   400 | D:1      | Reached XP level 2. HP: 10/15 MP: 1/5
  1267 | D:1      | Reached skill level 4 in Earth Magic
  1375 | D:1      | Reached XP level 3. HP: 19/19 MP: 6/6
  2530 | D:2      | Reached XP level 4. HP: 24/24 MP: 8/8
  2800 | D:2      | Learned a level 2 spell: Passwall
  2971 | D:3      | Reached skill level 1 in Fighting
  3114 | D:3      | Found a large runed translucent door.
  3114 | D:3      | Found a large runed translucent door.
  3114 | D:3      | Noticed ColdPorridge's ghost (amateur GrCK)
  3386 | D:3      | Reached XP level 5. HP: 24/29 MP: 9/9
  3389 | D:3      | Reached skill level 5 in Earth Magic
  4149 | D:2      | Slain by ColdPorridge's ghost

Illustrated notes

Levels and vault maps discovered:
D:1:      lightli_arrival_quake, layout_basic
D:2:      layout_loops_ring, minivault_11
D:3:      layout_basic, ebering_ghost_disaster_area

Skill      XL: |  1  2  3  4  5 |
---------------+----------------+-----
Earth Magic    | 4 5 |  5.1
Stealth        | 3 |  3.8
Fighting       | 1 |  1.4
Dodging        | |  1.5
Spellcasting   | |  2.8
Transmutations | |  0.7

Action                   |  1- 3 |  4- 6 || total
-------------------------+-------+-------++-------
Melee: Unarmed           |    28 |       ||    28
       Dagger            |       |    70 ||    70
 Cast: Sandblast         |    52 |    21 ||    73
       Passwall          |       |     3 ||     3
  Use: Scroll            |       |     3 ||     3
 Stab: Sleeping          |       |     2 ||     2
Armor: Robe              |    16 |     2 ||    18
       Chain mail        |       |    28 ||    28
Dodge: Dodged            |    23 |    23 ||    46

Table legend: (Time is in decaauts)
 A = Elapsed time spent in this place.
 B = Non-inter-level travel time spent in this place.
 C = Inter-level travel time spent in this place.
 D = Time resting spent in this place.
 E = Time spent auto-exploring this place.
 F = Levels seen in this place.
 G = Mean time per level.
                   A        B        C        D        E       F      G
               +--------+--------+--------+--------+--------+-----+--------+
         Total |   4126 |   3887 |    239 |    734 |   2260 |   3 | 1375.3 |
       Dungeon |   4126 |   3887 |    239 |    734 |   2260 |   3 | 1375.3 |
               +--------+--------+--------+--------+--------+-----+--------+

Top non-repeatable levels by time:
     D:1: 1946 daAuts
     D:2: 1090 daAuts
     D:3: 1090 daAuts
